 Dungeon Crawl Stone Soup version 0.27-a0-423-gf312af23e9 (webtiles) character file.

Game seed: 9400514535249781406

37 jasper the Vexing (level 3, 0/14 HPs)
             Began as a Felid Enchanter on Feb 26, 2021.
             Slain by a giant cockroach (1 damage)
             ... on level 2 of the Dungeon.
             The game lasted 00:01:56 (1226 turns).

jasper the Vexing (Felid Enchanter)                 Turns: 1226, Time: 00:01:57

Health: 0/14       AC:  1    Str:  4    XL:     3   Next: 21%
Magic:  0/7        EV: 18    Int: 16    God:
Gold:   60         SH:  0    Dex: 17    Spells: 3/6 levels left
                                        Lives:  0   Deaths: 0

rFire    . . .     SeeInvis +     - Unarmed
rCold    . . .     Faith    .   (shield unavailable)
rNeg     . . .     Spirit   .   (armour unavailable)
rPois    .         Reflect  .   (helmet unavailable)
rElec    .         Harm     .   (cloak unavailable)
rCorr    .         Rampage  .   (gloves unavailable)
Will     .....                  (boots unavailable)
Stlth    +++.......             (no amulet)
HPRegen  0.04/turn              (no ring)
MPRegen  0.10/turn              (no ring)

@: quick
A: very small, no armour, no weapons or thrown items, stealth, claws 1, fangs 3,
see invisible, speed 1, shaggy fur 1, sharp paws
a: no special abilities


You were on level 2 of the Dungeon.
You visited 1 branch of the dungeon, and saw 2 of its levels.

You collected 60 gold pieces.

Inventory:

Scrolls
 a - a scroll of fear {unknown}
 b - a scroll of magic mapping {unknown}
 c - a scroll of teleportation {unknown}
 d - 2 scrolls of identify {unknown}
 e - a scroll of amnesia {unknown}
 f - a scroll of enchant weapon {unknown}
 h - a scroll of random uselessness {unknown}
Potions
 g - a potion of berserk rage {unknown}


   Skills:
 - Level 2.6 Dodging
 + Level 5.1 Stealth
 - Level 1.0 Unarmed Combat
 - Level 2.0 Spellcasting
 + Level 5.4 Hexes


You had 3 spell levels left.
You knew the following spells:

 Your Spells              Type           Power        Failure   Level
a - Corona                Hex            21%          2%          1
b - Ensorcelled Hibernat  Hex/Ice        20%          11%         2

Your spell library contained the following spells:

 Spells                   Type           Power        Failure   Level
 Confusing Touch          Hex            19%          7%          3
 Tukima's Dance           Hex            19%          7%          3
 Dazzling Flash           Conj/Hex       20%          21%         3


Dungeon Overview and Level Annotations

Branches:
Dungeon (2/15)

Altars:


Innate Abilities, Weirdness & Mutations

You cannot wear armour.
You are incapable of wielding weapons or throwing items.
Your paws allow you to move quietly. (Stealth)
You have sharp claws.
You have razor-sharp teeth.
You have supernaturally acute eyesight. (SInv)
You cover ground quickly.
You are covered in fur. (AC +1)
Your sharp claws are effective at attacking unaware monsters.


Message History

Aim: an ooze (chance to affect: 41%)
The ooze resists with some effort.
The ooze hits you.
You take 1 damage, and have 7/14 hp.
You now have 3/7 mp.
Found 14 gold pieces.
Aiming: Ensorcelled Hibernation (safe; 11% risk of failure)
Press: ? - help, Q - select action, (/) - cycle Shift-Dir - straight line, f/p - ooze
Aim: an ooze (chance to affect: 41%)
The ooze resists with some effort.
You now have 1/7 mp.
You scratch the ooze.
The ooze is moderately wounded.
The ooze completely misses you.
You completely miss the ooze.
The ooze is moderately wounded.
The ooze hits you.
You take 2 damage, and have 6/14 hp.
You scratch the ooze. You bite the ooze.
The ooze is almost dead.
The ooze hits you.
You take 1 damage, and have 5/14 hp.
You scratch the ooze. You bite the ooze, but do no damage.
The ooze is almost dead.
The ooze hits you.
* * * LOW HITPOINT WARNING * * *
You take 4 damage, and have 1/14 hp.
MASSIVE DAMAGE!!
You see here 14 gold pieces.
You scratch the ooze.
You kill the ooze!
The bat misses you.
Aiming: Ensorcelled Hibernation (safe; 11% risk of failure)
Press: ? - help, Q - select action, (/) - cycle Shift-Dir - straight line, f - bat
Aim: a bat (chance to affect: 59%)
The bat looks drowsy...
You now have 0/7 mp.
The helpless bat fails to defend itself.
You claw the bat!
You kill the bat!
The giant cockroach bites you.
You die...

.# .## #.# ..# #.#
#.# #.# !.# #.#
.## #. #.# ## #.
#.# # #. #.# . #.
#@# #.# #.
########B#
....#B###...Bb...#
.......##.########
......b.†.#
.......####
......## #...##
###.


You could see a giant cockroach.

Vanquished Creatures
  An ooze (D:2)
  2 dart slugs
  A leopard gecko (D:1)
  5 goblins (D:1)
  6 hobgoblins
  A kobold (D:1)
  6 bats
  4 frilled lizards
26 creatures vanquished.

Notes
Turn   | Place    | Note
-------+----------+-------------------------------------------
     0 | D:1      | jasper the Felid Enchanter began the quest for the Orb.
     0 | D:1      | Reached XP level 1. HP: 7/7 MP: 4/4
   136 | D:1      | Reached XP level 2. HP: 11/11 MP: 6/6
   168 | D:1      | Learned a level 2 spell: Ensorcelled Hibernation
   408 | D:1      | Reached skill level 5 in Hexes
   834 | D:2      | Reached skill level 5 in Stealth
   865 | D:2      | Reached XP level 3. HP: 14/14 MP: 7/7
  1226 | D:2      | Slain by a giant cockroach

Illustrated notes

Levels and vault maps discovered:
D:1:      amcnicky_arrival_flooded_fountain, layout_rooms
D:2:      layout_loops_ring, grunt_decor_mini_mirrors, roderic_roman_lattice,
          minmay_hedge_maze

Skill      XL: |  1  2 |
---------------+-------+-----
Hexes          | 5 |  5.4
Stealth        | 5 |  5.1
Dodging        | |  2.6
Unarmed Combat | |  1.0
Spellcasting   | |  2.0

Action                   || total
-------------------------++-------
Melee: Unarmed           ||    59
       Bite              ||     3
 Cast: Corona            ||     6
       Ensorcelled Hiber ||    16
 Stab: Sleeping          ||    17
Armor: Skin              ||     4
Dodge: Dodged            ||    49

Table legend: (Time is in decaauts)
 A = Elapsed time spent in this place.
 B = Non-inter-level travel time spent in this place.
 C = Inter-level travel time spent in this place.
 D = Time resting spent in this place.
 E = Time spent auto-exploring this place.
 F = Levels seen in this place.
 G = Mean time per level.
                   A        B        C        D        E       F      G
               +--------+--------+--------+--------+--------+-----+--------+
         Total |   1122 |   1122 |      0 |    276 |    640 |   2 |  561.0 |
       Dungeon |   1122 |   1122 |      0 |    276 |    640 |   2 |  561.0 |
               +--------+--------+--------+--------+--------+-----+--------+

Top non-repeatable levels by time:
     D:1: 736 daAuts
     D:2: 385 daAuts
